 Dungeon Crawl Stone Soup version 0.26-a0-639-g72c4674329 (webtiles) character file.

Game seed: 8196294939254921784

243 Flugslaktarn the Shield-Bearer (level 5, -1/50 HPs)
             Began as a Deep Dwarf Fighter on Sept 27, 2020.
             Slain by an ogre
             ... wielding a +0 giant club
              (17 damage)
             ... on level 4 of the Dungeon.
             The game lasted 00:00:51 (757 turns).

Flugslaktarn the Shield-Bearer (Deep Dwarf Fighter)  Turns: 757, Time: 00:00:51

Health: -1/50      AC:  7    Str: 21    XL:     5   Next: 82%
Magic:  3/3        EV:  7    Int:  8    God:
Gold:   42         SH:  9    Dex: 12    Spells: 4/4 levels left

rFire    . . .     SeeInvis .   a - +0 war axe
rCold    . . .     Faith    +   c - +0 kite shield
rNeg     . . .     Spirit   .   b - +0 scale mail
rPois    .         Reflect  .   (no helmet)
rElec    .         Harm     .   (no cloak)
rCorr    .         Rampage  .   (no gloves)
MR       .....                  (no boots)
Stlth    ..........             h - amulet of faith
HPRegen  0.00/turn              (no ring)
MPRegen  0.08/turn              (no ring)

@: non-regenerating
A: damage resistance, heal wounds, sense surroundings 1, no regeneration
a: Heal Wounds


You were on level 4 of the Dungeon.
You visited 1 branch of the dungeon, and saw 4 of its levels.

You collected 42 gold pieces.

Inventory:

Hand Weapons
 a - a +0 war axe (weapon)
Armour
 b - a +0 scale mail (worn)
 c - a +0 kite shield (worn)
Jewellery
 h - an amulet of faith (around neck)
   (You found it on level 1 of the Dungeon)
Scrolls
 f - a scroll of fog {unknown}
 g - a scroll of blinking {unknown}
 x - a scroll of remove curse
Potions
 d - a potion of might
 e - a potion of mutation {unknown}
 q - a potion of curing
 w - 2 potions of heal wounds


   Skills:
 * Level 4.1 Fighting
 * Level 4.2 Axes
 + Level 4.1 Armour
 + Level 4.2 Shields


You had 4 spell levels left.
You didn't know any spells.
Your spell library was empty.

Dungeon Overview and Level Annotations

Branches:
Dungeon (4/15)
 Temple: D:4-7

Altars:
Fedhas


Innate Abilities, Weirdness & Mutations

You are resistant to damage.
You can heal yourself by infusing magical energy.
You passively map a small area around you.
You do not regenerate.


Message History

a +0 dagger; a +0 robe; an orc corpse
There is a stone staircase leading down here.
You open the door.
There is an open door here.
Found 18 bolts.
You open the door.
An ogre comes into view. It is wielding a +0 giant club.
The ogre moves out of view.
There is an open door here.
An ogre is nearby!
An ogre is nearby!
A hound comes into view.
The hound barks!
The ogre hits you with a +0 giant club.
You closely miss the ogre. You barely miss the hound.
You block the hound's attack. x2; The ogre hits you with a +0 giant club!
You barely miss the ogre. You hit the hound.
The hound bites you but does no damage. The hound bites you.
The ogre hits you with a +0 giant club!!
You die...

.........# ,#..)...#
.........+ ..#.))...#
........#,..#..>...#########
, ....... #.#...............
#+####.#######......... ,
#............#......... ,
#............#.........
#....O.h.....#......... ,
*** #@##...##......... * ,,
###.##...###'####### , ,
#...'.....#........# , ,
#...#.....#........# ,
#...#.....#........# ,,
#...#.....#........# ,
#...#.....#........# * ,
#+####...##..###...# * ,
#...###+###...#


You could see an ogre and a hound.

Vanquished Creatures
  A scorpion (D:4)
  An orc priest (D:4)
  2 orc wizards (D:4)
  A worker ant (D:4)
  4 gnolls (D:4)
  An adder (D:2)
  6 orcs
  2 bats (D:1)
  3 giant cockroaches
  2 goblins (D:1)
  3 hobgoblins
  4 kobolds
  2 quokkas (D:2)
  A frilled lizard (D:4)
  2 leopard gecko skeletons
  9 rats
44 creatures vanquished.

Vanquished Creatures (others)
  17 plants
17 creatures vanquished.

Grand Total: 61 creatures vanquished

Notes
Turn   | Place    | Note
-------+----------+-------------------------------------------
     0 | D:1      | Flugslaktarn the Deep Dwarf Fighter began the quest for the
                  | Orb.
     0 | D:1      | Reached XP level 1. HP: 20/20 MP: 1/1
    97 | D:1      | Reached XP level 2. HP: 24/27 MP: 2/2
   234 | D:2      | Found a blossoming altar of Fedhas.
   335 | D:2      | Reached XP level 3. HP: 20/34 MP: 3/3
   435 | D:4      | Reached XP level 4. HP: 18/42 MP: 4/4
   540 | D:4      | Reached XP level 5. HP: 50/50 MP: 3/3
   752 | D:4      | Noticed an ogre
   757 | D:4      | Slain by an ogre

Illustrated notes

Levels and vault maps discovered:
D:1:      roderic_crop_circles_arrival_small, layout_loops_ring
D:2:      layout_rooms, fedhas_ov_isle_minmay
D:3:      layout_loops_ring, lemuel_doored_altar, uniq_grinder, uniq_robin
D:4:      layout_gridville, uniq_menkaure

Skill      XL: |  1  2  3  4  5 |
---------------+----------------+-----
Fighting       | 3 4 |  4.1
Axes           | 3 4 |  4.2
Armour         | 4 |  4.1
Shields        | 4 |  4.2

Action                   |  1- 3 |  4- 6 || total
-------------------------+-------+-------++-------
Melee: War axe           |    93 |    44 ||   137
 Abil: Heal Wounds       |     1 |     2 ||     3
  Use: Scroll            |       |     3 ||     3
Armor: Scale mail        |    41 |    13 ||    54
Dodge: Dodged            |    34 |     9 ||    43
Block: Kite shield       |    61 |    23 ||    84

Table legend: (Time is in decaauts)
 A = Elapsed time spent in this place.
 B = Non-inter-level travel time spent in this place.
 C = Inter-level travel time spent in this place.
 D = Time resting spent in this place.
 E = Time spent auto-exploring this place.
 F = Levels seen in this place.
 G = Mean time per level.
                   A        B        C        D        E       F      G
               +--------+--------+--------+--------+--------+-----+--------+
         Total |    812 |    800 |     12 |      0 |    465 |   4 |  203.0 |
       Dungeon |    812 |    800 |     12 |      0 |    465 |   4 |  203.0 |
               +--------+--------+--------+--------+--------+-----+--------+

Top non-repeatable levels by time:
     D:4: 358 daAuts
     D:1: 235 daAuts
     D:2: 184 daAuts
     D:3: 34 daAuts
